 Dungeon Crawl Stone Soup version 0.18.1-2-ga659475 (webtiles) character file.

145 Charmandara the Ruffian (level 5, -4/41 HPs)
             Began as a Ghoul Warper on May 7, 2016.
             Slain by a river rat (7 damage)
             ... in a sewer.
             The game lasted 00:06:18 (2509 turns).

Charmandara the Ruffian (Ghoul Warper)              Turns: 2509, Time: 00:06:19

Health: -4/41      AC:  3    Str: 15    XL:     5   Next: 27%
Magic:  15/15      EV: 11    Int:  8    God:
Gold:   167        SH:  0    Dex:  9    Spells: 2 memorised, 4 levels left

rFire  . . .     SeeInvis +       - Unarmed
rCold  + . .     Gourm    .     a - +0 leather armour
rNeg   + + +     Faith    .     (no shield)
rPois  ∞         Spirit   .     (no helmet)
rElec  .         Dismiss  .     (no cloak)
rCorr  .         Reflect  .     (no gloves)
SustAt .         Harm     .     (no boots)
MR     .....                    (no amulet)
Stlth  +.........               l - ring of see invisible {sInv, !d}
                                i - ring of magical power {MP+9}

@: rotting, not resistant to hostile enchantments, very unstealthy
A: rotting body, claws 1, carnivore 3, cold resistance 1, negative energy
resistance 3, slow regeneration 1, torment resistance, unbreathing
a: no special abilities


You were in a sewer.
You were not hungry.

You visited 1 branch of the dungeon, and saw 3 of its levels.
You also visited: Sewer.

You collected 167 gold pieces.

Inventory:

Missiles
 d - 5 tomahawks of dispersal {=f}
 m - 90 stones
 p - 29 arrows
 u - 4 javelins (quivered)
Armour
 a - a +0 leather armour (worn)
 q - a +0 helmet
   (You found it on level 2 of the Dungeon)
Jewellery
 i - a ring of magical power (left claw) {MP+9}
   (You found it on level 1 of the Dungeon)
 l - a ring of see invisible (right claw) {sInv, !d}
   (You found it on level 1 of the Dungeon)
Wands
 v - a wand of disintegration (7/24)
   (You found it on level 2 of the Dungeon)
Scrolls
 g - 2 scrolls of identify
 j - a scroll of random uselessness
 r - a scroll of amnesia
 t - 4 scrolls of remove curse
Potions
 k - a potion of curing
 w - 2 potions of agility
Books
 b - a book of Spatial Translocations
Comestibles
 f - 2 meat rations {@e2}


   Skills:
 - Level 2.1 Fighting
 - Level 0.8 Throwing
 - Level 0.8 Armour
 + Level 2.0 Dodging
 * Level 5.7 Unarmed Combat
 - Level 1.7 Spellcasting
 - Level 2.6 Translocations


You had 4 spell levels left.
You knew the following spells:

 Your Spells              Type           Power        Failure   Level  Hunger
b - Blink                 Tloc           N/A          24%         2    ###....
g - Apportation           Tloc           #.........   17%         1    ##.....


Dungeon Overview and Level Annotations

Branches:
Dungeon (3/15)

Altars:
Cheibriados
Sif Muna

Annotations:
D:3 AmusAnon's ghost, amateur MiFi


Innate Abilities, Weirdness & Mutations

Your body is rotting away.
You thrive on raw meat.
You are immune to poison.
You have sharp fingernails.
You are carnivorous and can eat meat at any time.
Your flesh is cold resistant.
You are immune to negative energy.
You regenerate slowly when monsters are visible.
You are immune to unholy pain and torment.
You can survive without breathing.


Message History

The worm bites you but does no damage.
You scratch the worm but do no damage.
You hear the quick rusting of a drain.
You scratch the worm. The worm bites you.
You take 1 damage, and have 32/41 hp.
You scratch the worm. You scratch the worm. The worm bites you.
You take 3 damage, and have 29/41 hp.
You scratch the worm. You completely miss the worm.
The worm bites you but does no damage.
You barely miss the worm. You claw the worm!
You kill the worm!
You barely miss the adder. The adder bites you but does no damage.
You scratch the adder. The adder bites you. The adder closely misses you.
You take 3 damage, and have 26/41 hp.
You barely miss the adder. The adder bites you.
You take 1 damage, and have 25/41 hp.
You claw the adder! The adder closely misses you.
You miss the adder. The adder bites you.
You take 1 damage, and have 24/41 hp.
You scratch the adder. The adder bites you.
You take 4 damage, and have 20/41 hp.
You closely miss the adder. The adder closely misses you.
Some of the chunks of flesh in your inventory have rotted away.
You scratch the adder.
You kill the adder!
You see here a worm corpse.
You butcher the worm corpse.
c - 4 chunks of flesh {@w0} (gained 1)
There isn't anything here!
Eating one of 4 chunks of flesh {@w0}.
This raw flesh tastes great!
You continue eating. x2
You regained 3 hp, and now have 24/41 hp.
Eating one of 3 chunks of flesh {@w0}.
This raw flesh tastes great!
You continue eating. x2
You regained 5 hp, and now have 29/41 hp.
Eating one of 2 chunks of flesh {@w0}.
This raw flesh tastes great!
You continue eating. x2
You regained 8 hp, and now have 37/41 hp.
Eating a chunk of flesh {@w0}.
This raw flesh tastes great!
You continue eating. x2
You regained 2 hp, and now have 39/41 hp.
You enter the shallow water.
Moving in this stuff is going to be slow.
Health restored: 41
There is a glowing drain here.
You enter the shallow water.
Moving in this stuff is going to be slow.
There is a glowing drain here.
The world spins around you as you enter the gateway.
You enter a sewer! 3 rats and 2 river rats come into view.
Found a gate leading back out of this place.
There is an empty arch of ancient stone here.
Unknown command.
Unknown command.
There is a gate leading back out of this place here.
You scratch the river rat but do no damage.
You closely miss the river rat. The river rat bites you!
You take 8 damage, and have 33/41 hp.
You closely miss the river rat. The river rat closely misses you. x2
You barely miss the river rat. The river rat bites you.
The river rat bites you but does no damage.
You take 4 damage, and have 29/41 hp.
You scratch the river rat. The river rat bites you!
The river rat closely misses you.
You take 8 damage, and have 21/41 hp.
You are too injured to fight recklessly!
You claw the river rat!
You kill the river rat!
Your Dodging skill increases to level 2!
The river rat bites you but does no damage.
You claw the rat!
You kill the rat!
The river rat bites you.
You take 5 damage, and have 16/41 hp.
You see here a river rat corpse.
You barely miss the river rat. You claw the river rat!
The river rat twitches its whiskers.
The river rat bites you.
* * * LOW HITPOINT WARNING * * *
You take 6 damage, and have 10/41 hp.
You scratch the river rat. The river rat bites you!
* * * LOW HITPOINT WARNING * * *
You take 7 damage, and have 3/41 hp.
Drink which item? (? for menu, Esc to quit)
Okay, then.
Drink which item? (? for menu, Esc to quit)
You feel better. The river rat bites you.
* * * LOW HITPOINT WARNING * * *
Drink which item? (? for menu, Esc to quit)
Okay, then.
Okay, then.
Aim: a river rat (almost dead, chance to defeat MR: 73%)
The river rat struggles to resist.
Evoking this partially-identified wand wasted a few charges.
The river rat bites you!
You die...

###
#.#
#.#
#@#
#r#
#r#
#r#
#∩#
#.#
#.#
#.#
#.#


You could see a river rat and 2 rats.

Vanquished Creatures
  8 adders
  A river rat (Sewer)
  2 worms
  2 dart slugs
  A giant gecko (D:3)
  4 orcs (D:3)
  3 giant cockroaches
  4 goblins
  4 hobgoblins
  4 jackals (D:2)
  A ball python (D:2)
  7 bats
  2 giant newts
  4 kobolds
  7 rats
54 creatures vanquished.

Notes
Turn   | Place    | Note
--------------------------------------------------------------
     0 | D:1      | Charmandara the Ghoul Warper began the quest for the Orb.
     0 | D:1      | Reached XP level 1. HP: 17/17 MP: 2/2
   108 | D:1      | Found a snail-covered altar of Cheibriados.
   487 | D:1      | Reached skill level 3 in Unarmed Combat
   487 | D:1      | Reached XP level 2. HP: 22/24 MP: 3/3
   848 | D:1      | Learned a level 2 spell: Blink
  1043 | D:2      | Reached XP level 3. HP: 9/29 MP: 4/4
  1185 | D:2      | Reached skill level 4 in Unarmed Combat
  1825 | D:2      | Reached XP level 4. HP: 25/36 MP: 5/5
  2025 | D:3      | Reached skill level 5 in Unarmed Combat
  2130 | D:3      | Found a deep blue altar of Sif Muna.
  2130 | D:3      | Noticed AmusAnon's ghost (amateur MiFi)
  2154 | D:3      | HP: 6/36 [AmusAnon's ghost (16)]
  2179 | D:3      | HP: 5/36 [kobold/stone (2)]
  2185 | D:3      | HP: 9/36 [adder (4)]
  2189 | D:3      | Reached XP level 5. HP: 8/41 MP: 6/6
  2192 | D:3      | HP: 7/41 [kobold/stone (1)]
  2207 | D:3      | HP: 7/41 [AmusAnon's ghost (1)]
  2212 | D:3      | HP: 6/41 [kobold/dagger (1)]
  2222 | D:2      | HP: 5/41 [bat (1)]
  2226 | D:2      | HP: 2/41 [kobold/dagger (3)]
  2234 | D:2      | HP: 9/41 [kobold/dagger (3)]
  2440 | D:3      | Found a glowing drain.
  2493 | Sewer    | Entered a sewer
  2502 | Sewer    | Reached skill level 2 in Dodging
  2506 | Sewer    | HP: 10/41 [river rat (6)]
  2507 | Sewer    | HP: 3/41 [river rat (8)]
  2509 | Sewer    | Slain by a river rat

Skill      XL: |  1  2  3  4  5 |
---------------+----------------+-----
Unarmed Combat | 3 4 5 |  5.7
Dodging        | 2 |  2.0
Fighting       | |  2.1
Throwing       | |  0.8
Armour         | |  0.8
Spellcasting   | |  1.7
Translocations | |  2.6

Action                   |  1- 3 |  4- 6 || total
-------------------------+-------+-------++-------
Melee: Unarmed           |   151 |    94 ||   245
       Punch             |     1 |     3 ||     4
Throw: Stone             |     2 |       ||     2
 Cast: Blink             |       |     1 ||     1
Evoke: Wand              |       |     7 ||     7
  Use: Scroll            |       |     9 ||     9
       Potion            |       |     4 ||     4
  Eat: Chunk             |     6 |     9 ||    15
Armor: Leather armour    |    36 |    34 ||    70
Dodge: Dodged            |    75 |    66 ||   141

Vault maps used:
D:1:      sevenhm_arrival_forest_fort_small_3, cheibriados_altar_1
D:3:      nicolae_overflow_hidden_temple, portal_sewer_entry_d, led_sif_pool
Sewer:    sewer_kobolds

Table legend:
 A = Turns spent in this place as a percentage of turns spent in the entire game.
 B = Non-inter-level travel turns spent in this place as a percentage of non-inter-level travel turns spent in the entire game.
 C = Inter-level travel turns spent in this place as a percentage of turns spent in this place.
 D = Turns resting spent in this place as a percentage of non-inter-level travel turns spent in this place.
 E = Turns spent auto-exploring this place as a percentage of non-inter-level travel turns spent in this place.
 F = Non-inter-level travel turns spent in this place divided by the number of levels of this place that you've seen.
                   A       B       C       D       E      F
               +-------+-------+-------+-------+-------+----------------------
         Total | 100.0 | 100.0 |   0.2 |   1.2 |   5.7 | 216.0
       Dungeon |  97.6 |  97.6 |   0.2 |   1.2 |   5.8 | 281.0
         Sewer |   2.4 |   2.4 |   0.0 |   0.0 |   0.0 |  21.0
               +-------+-------+-------+-------+-------+----------------------

Table legend:
 A = Kills in this place as a percentage of kills in entire the game.
 B = Kills by you in this place as a percentage of kills by you in the entire game.
 C = Kills by friends in this place as a percentage of kills by friends in the entire game.
 D = Other kills in this place as a percentage of other kills in the entire game.
 E = Experience gained in this place as a percentage of experience gained in the entire game.
 F = Experience gained in this place divided by the number of levels of this place that you have seen.
                   A       B       C       D       E      F
               +-------+-------+-------+-------+-------+----------------------
         Total | 100.0 | 100.0 |  -nan |  -nan | 100.0 |  52.0
       Dungeon |  96.3 |  96.3 |  -nan |  -nan |  93.3 |  64.7
         Sewer |   3.7 |   3.7 |  -nan |  -nan |   6.7 |  14.0
               +-------+-------+-------+-------+-------+----------------------
